 Dungeon Crawl Stone Soup version 0.22.0-16-gc6d26f6 (webtiles) character file.

63 Firebatgyro the Skirmisher (level 4, -1/49 HPs)
             Began as an Ogre Hunter on Aug 17, 2018.
             Slain by a worker ant (6 damage)
             ... on level 2 of the Dungeon.
             The game lasted 00:02:53 (2016 turns).

Firebatgyro the Skirmisher (Ogre Hunter)            Turns: 2016, Time: 00:02:54

Health: -1/49      AC:  3    Str: 17    XL:     4   Next: 9%
Magic:  4/4        EV: 10    Int: 12    God:
Gold:   44         SH:  4    Dex:  9    Spells: 3/3 levels left

rFire    . . .     SeeInvis .   g - +0 mace
rCold    . . .     Gourm    .   (no shield)
rNeg     . . .     Faith    .   b - +0 robe
rPois    .         Spirit   .   (helmet restricted)
rElec    .         Reflect  +   (no cloak)
rCorr    .         Harm     .   (gloves unavailable)
MR       .....                  (boots unavailable)
Stlth    +.........             m - +4 amulet of reflection
HPRegen  0.16/turn              (no ring)
MPRegen  0.09/turn              (no ring)

@: lethally poisoned (-1 -> -9)
A: large, unfitting armour, tough skin 1
a: no special abilities


You were on level 2 of the Dungeon.
You were not hungry.

You visited 1 branch of the dungeon, and saw 2 of its levels.

You collected 44 gold pieces.

Inventory:

Hand Weapons
 a - a +0 short sword
 g - a +0 mace (weapon)
Missiles
 c - a large rock (quivered)
 d - 2 throwing nets
 e - 111 stones
Armour
 b - a +0 robe (worn)
Jewellery
 m - a +4 amulet of reflection (around neck)
 p - an uncursed amulet of magic regeneration
 s - an uncursed ring of protection from fire {unknown}
Scrolls
 h - a scroll of remove curse {unknown}
 l - 3 scrolls of noise {unknown}
 o - a scroll of identify {unknown}
 r - 2 scrolls of teleportation {unknown}
Potions
 i - a potion of might {unknown}
 j - a potion of berserk rage {unknown}
 k - a potion of brilliance {unknown}
Comestibles
 f - 4 rations


   Skills:
 + Level 4.7 Fighting
 + Level 1.9 Maces & Flails
 - Level 4.0 Throwing
 - Level 1.7 Dodging
 - Level 0.6 Stealth


You had 3 spell levels left.
You didn't know any spells.
Your spell library was empty.

Dungeon Overview and Level Annotations

Branches:
Dungeon (2/15)

Altars:
Nemelex Xobeh


Innate Abilities, Weirdness & Mutations

You are too large for most types of armour.
You have tough skin. (AC +1)


Message History

It was a potion of curing.
You feel better. The worker ant closely misses you. The worker ant bites you.
* * * LOW HITPOINT WARNING * * *
You are poisoned.
The worker ant poisons you!
You hit the worker ant.
The worker ant is almost dead.
You feel sick. The worker ant bites you!
* * * LOW HITPOINT WARNING * * *
You are more poisoned.
The worker ant poisons you!
You feel better. The worker ant bites you.
* * * LOW HITPOINT WARNING * * *
You completely miss the worker ant.
The worker ant is almost dead.
The worker ant bites you.
* * * LOW HITPOINT WARNING * * *
You are lethally poisoned!
The worker ant poisons you! The worker ant bites you.
You die...

#.#.#####.#......# ...
#.# #.#......# #.. #.#
#.#......# #.### #.#
#.#.)....# .... #.#
#.#####..###.## #.# #.#
#.......# ..#
#.##....####
###########.##.#.....#
((....a@..#. #.#..##...#
#########.#.##.#..######
#.#............+
#.######..######
#.#######.# #.........#
###########


You could see a worker ant.

Vanquished Creatures
  An ooze (D:2)
  2 worms (D:2)
  2 dart slugs
  3 leopard geckos
  8 bats
  A giant cockroach (D:1)
  10 hobgoblins
  A quokka (D:2)
  2 frilled lizards
  5 goblins (D:1)
  5 kobolds (D:1)
  5 rats
45 creatures vanquished.

Notes
Turn   | Place    | Note
-------+----------+-------------------------------------------
     0 | D:1      | Firebatgyro the Ogre Hunter began the quest for the Orb.
     0 | D:1      | Reached XP level 1. HP: 22/22 MP: 1/1
   380 | D:1      | Reached XP level 2. HP: 16/31 MP: 2/2
   692 | D:1      | Reached skill level 1 in Maces & Flails
   979 | D:1      | Reached XP level 3. HP: 33/39 MP: 3/3
  1638 | D:2      | Found a sparkling altar of Nemelex Xobeh.
  1870 | D:2      | Reached XP level 4. HP: 32/49 MP: 4/4
  2016 | D:2      | Slain by a worker ant

Skill      XL: |  1  2 |
---------------+-------+-----
Fighting       | 3 4 |  4.7
Maces & Flails | 1 |  1.9
Throwing       | |  4.0
Dodging        | |  1.7
Stealth        | |  0.6

Action                   |  1- 3 |  4- 6 || total
-------------------------+-------+-------++-------
Melee: Short sword       |    24 |       ||    24
       Mace              |   135 |    20 ||   155
Throw: Large rock        |     3 |     4 ||     7
  Use: Potion            |       |     2 ||     2
  Eat: Chunk             |     3 |     1 ||     4
Armor: Robe              |    66 |     7 ||    73
Dodge: Dodged            |   130 |    19 ||   149
Block: Other             |    18 |     5 ||    23
